 Dungeon Crawl Stone Soup version 0.31.0-1-g2c135a0 (webtiles) character file.

Game seed: 3230019388958445696

53 bonegar the Magician (level 3, -1/19 HPs)
             Began as a Deep Elf Hedge Wizard on Mar 31, 2024.
             Slain by Pargi (4 damage)
             ... on level 3 of the Dungeon.
             The game lasted 00:14:42 (2756 turns).

bonegar the Magician (Deep Elf Hedge Wizard)        Turns: 2756, Time: 00:14:43

Health: -1/19      AC:  2    Str:  7    XL:     3   Next: 64%
Magic:  1/11       EV: 13    Int: 20    God:
Gold:   66         SH:  0    Dex: 14    Spells: 6/11 levels left

rFire   + . .        a - +0 dagger
rCold   + . .        (no shield)
rNeg    . . .        b - +0 robe
rPois   +            c - +0 hat
rElec   +            (no cloak)
rCorr   +            (no gloves)
SInv    .            (no boots)
Will    .....        (no amulet)
Stlth   ++           (no ring)
HPRegen 0.23/turn    (no ring)
MPRegen 0.12/turn

%: no passive effects
@: resistant
A: no striking features
a: no special abilities


You were on level 3 of the Dungeon.
You visited 1 branch of the dungeon, and saw 3 of its levels.

You collected 66 gold pieces.

Inventory:

Hand Weapons
 a - a +0 dagger (weapon)
Armour
 b - a +0 robe (worn)
 c - a +0 hat (worn)
Scrolls
 e - a scroll of amnesia {unknown}
 f - 2 scrolls of teleportation {unknown}
 i - a scroll of fog {unknown}
 j - a scroll of acquirement {unknown}
 l - a scroll of noise {unknown}
 m - 2 scrolls of identify {unknown}
Potions
 d - a potion of magic
 g - a potion of lignification {unknown}
 h - a potion of resistance
 k - a potion of attraction {unknown}
 n - a potion of curing {unknown}


   Skills:
 + Level 0.0 Short Blades
 + Level 3.1 Dodging
 + Level 3.0 Stealth
 + Level 4.9 Spellcasting
 + Level 1.7 Conjurations
 + Level 1.7 Summonings
 + Level 1.7 Translocations


You had 6 spell levels left.
You knew the following spells:

 Your Spells              Type           Power      Damage    Failure   Level
a - Magic Dart            Conj           44%        1d5       6%          1
b - Blink                 Tloc           24%        N/A       9%          2
c - Call Imp              Summ           22%        N/A       9%          2

Your spell library contained the following spells:

 Spells                   Type           Power      Damage    Failure   Level
 Necrotise                Necr           16%        1d4       12%         1
 Slow                     Hex            16%        N/A       12%         1
 Static Discharge         Conj/Air       16%        3-4/arc   13%         2
 Cigotuvi's Dreadful Rot  Necr/Alch/Air  8%         N/A       19%         2
 Mephitic Cloud           Conj/Alch/Air  7%         N/A       28%         3
 Vampiric Draining        Necr           4%         2d6       34%         3
 Martyr's Knell           Necr/Summ      8%         N/A       63%         4
 Summon Lightning Spire   Summ/Air       8%         N/A       63%         4
 Airstrike                Air            2%         2d(1-17)  75%         4
 Cause Fear               Hex            2%         N/A       75%         4
 Fireball                 Conj/Fire      4%         3d4       93%         5
 Curse of Agony           Necr           4%         N/A       97%         5
 Dragon's Call            Summ           5%         N/A       100%        9


Dungeon Overview and Level Annotations

Branches:
Dungeon (3/15)

Altars:
Fedhas
Okawaru

Shops:
D:2 (

Annotations:
D:3 Pargi


Message History

Your cerulean imp closely misses Pargi.
Casting: Magic Dart (safe; 6% risk of failure)
Confirm with . or Enter, or press ? or * to list all spells.
Aiming: Magic Dart (safe; 6% risk of failure)
Press: ? - help, Shift-Dir - straight line, f/p - Pargi
Aim: Pargi (moderately wounded, ally target, 100% to hit)
The magic dart hits Pargi.
Pargi is moderately wounded.
Your cerulean imp barely misses Pargi.
Casting: Magic Dart (safe; 6% risk of failure)
Confirm with . or Enter, or press ? or * to list all spells.
Aiming: Magic Dart (safe; 6% risk of failure)
Press: ? - help, Shift-Dir - straight line, f/p - Pargi
Aim: Pargi (moderately wounded, ally target, 100% to hit)
The magic dart hits Pargi.
Pargi is moderately wounded.
Pargi bites you. Pargi closely misses you. Pargi claws you.
Your cerulean imp closely misses Pargi.
Casting: Magic Dart (safe; 6% risk of failure)
Confirm with . or Enter, or press ? or * to list all spells.
You blink.
Casting: Blink (safe; 9% risk of failure)
Confirm with . or Enter, or press ? or * to list all spells.
Aiming: Magic Dart (safe; 6% risk of failure)
Press: ? - help, Shift-Dir - straight line, f/p - Pargi
Aim: Pargi (moderately wounded, ally target, 100% to hit)
The magic dart hits Pargi.
Pargi is moderately wounded.
Your cerulean imp disappears in a puff of smoke!
Casting: Magic Dart (safe; 6% risk of failure)
Confirm with . or Enter, or press ? or * to list all spells.
A tiny devil pulls itself out of the air.
It was a potion of resistance.
You feel protected. Pargi bites you. Pargi claws you. x2
* * * LOW HITPOINT WARNING * * *
Your cerulean imp hits Pargi from afar with a -3 spear.
You feel ready to blink again. Pargi completely misses you. Pargi misses you.
Pargi claws you.
You die...

################
#..............#
#..............#
#..............# #
#####.........^# # #..........#
# #....§.§...# ###########
#.@........#
..........#####.T..§§....######.
...............................>
..........#####5.........######.
..........# ############
..........# ..........#
########### ###


You could see Pargi (ally target) and a friendly cerulean imp (summoned).

Vanquished Creatures
  An adder (D:2)
  2 ribbon worms (D:2)
  6 ball pythons
  An endoplasm (D:2)
  3 giant cockroaches
  2 goblins (D:2)
  5 hobgoblins
  A kobold (D:2)
  3 quokkas
  6 bats
  3 frilled lizards
  3 rats
36 creatures vanquished.

Vanquished Creatures (collateral kills)
  A hobgoblin (D:3)
  A quokka (D:1)
2 creatures vanquished.

Grand Total: 38 creatures vanquished

Notes
Turn   | Place    | Note
-------+----------+-------------------------------------------
     0 | D:1      | bonegar the Deep Elf Hedge Wizard began the quest for the
                  | Orb.
     0 | D:1      | Reached XP level 1. HP: 10/10 MP: 7/7
   328 | D:1      | Reached XP level 2. HP: 14/15 MP: 3/9
   331 | D:1      | Learned a level 2 spell: Blink
   334 | D:1      | Learned a level 2 spell: Call Imp
  1199 | D:2      | Reached XP level 3. HP: 14/19 MP: 7/11
  1631 | D:2      | Found Ivialuv's Antique Weapon Boutique.
  1843 | D:2      | Found a faded altar of an unknown god.
  2418 | D:3      | Found an iron altar of Okawaru.
  2603 | D:3      | Found a blossoming altar of Fedhas.
  2733 | D:3      | Noticed Pargi
  2756 | D:3      | Slain by Pargi

Illustrated notes

Levels and vault maps discovered:
D:1:      nzn_arrival_depleted_hourglass, layout_loops_ring, kennysheep_boxes
D:2:      layout_basic, shapermc_ecumenical_altar_acropolis, serial_shops,
          nicolae_shop_real_fake_doors
D:3:      layout_basic, fedhas_ov_isle_minmay, okawaru_gym_becter,
          lemuel_doored_altar, uniq_pargi

Skill      XL: |  1  2  3 |
---------------+----------+-----
Stealth        | 3 |  3.0
Dodging        | 3 |  3.1
Spellcasting   | |  4.9
Conjurations   | |  1.7
Summonings     | |  1.7
Translocations | |  1.7

Action                     || total
---------------------------++-------
  Melee: Dagger            ||    44
         Punch             ||     1
   Cast: Magic Dart        ||    93
         Call Imp          ||     6
         Blink             ||     2
    Use: Potion            ||     1
 Armour: Robe              ||    27
  Dodge: Dodged            ||    30
